 Dungeon Crawl Stone Soup version 0.19-a0-1803-g97ff39f (webtiles) character file.

414 Naow the Cleaver (level 6, -4/76 HPs)
             Began as a Minotaur Berserker on Oct 5, 2016.
             Was a Priest of Trog.
             Slain by a centaur (9 damage)
             ... on level 5 of the Dungeon.
             The game lasted 00:04:25 (4346 turns).

Naow the Cleaver (Minotaur Berserker)               Turns: 4346, Time: 00:04:26

Health: -4/76      AC:  2    Str: 26    XL:     6   Next: 60%
Magic:  5/5        EV: 12    Int:  6    God:    Trog [***...]
Gold:   195        SH:  0    Dex: 10    Spells: 0 memorised, 5 levels left

rFire  . . .     SeeInvis .     a - +0 hand axe
rCold  . . .     Gourm    .     b - +0 animal skin
rNeg   . . .     Faith    .     (no shield)
rPois  .         Spirit   .     (helmet restricted)
rElec  .         Dismiss  .     (no cloak)
rCorr  .         Reflect  .     (no gloves)
MR     .....     Harm     .     (no boots)
Stlth  ..........               (no amulet)
                                (no ring)
                                (no ring)

@: berserking, very quick
A: retaliatory headbutt, horns 2
a: Berserk, Trog's Hand, Burn Spellbooks, Renounce Religion


You were on level 5 of the Dungeon.
You worshipped Trog.
Trog was most pleased with you.
You were very hungry.

You visited 1 branch of the dungeon, and saw 5 of its levels.

You collected 195 gold pieces.

Inventory:

Hand Weapons
 a - a +0 hand axe (weapon)
Armour
 b - a +0 animal skin (worn)
 g - a +0 pair of gloves
Jewellery
 o - an uncursed ring of ice {unknown}
 w - an uncursed amulet of faith {unknown}
Wands
 m - a wand of enslavement (18/24)
 q - a wand of iceblast (8/15)
 t - a wand of digging (12/24)
Scrolls
 d - 2 scrolls of magic mapping {unknown}
 f - 5 scrolls of teleportation {unknown}
 j - 5 scrolls of identify {unknown}
 k - a scroll of noise {unknown}
 l - a scroll of amnesia {unknown}
 n - a scroll of fog {unknown}
 u - a scroll of random uselessness {unknown}
 v - a scroll of recharging {unknown}
 x - a scroll of immolation {unknown}
 y - a scroll of remove curse {unknown}
Potions
 e - a potion of heal wounds {unknown}
 h - a potion of magic {unknown}
 p - 2 potions of resistance {unknown}
 r - 2 potions of curing {unknown}
Comestibles
 c - 4 bread rations
 i - 2 meat rations
 s - 2 beef jerkies


   Skills:
 - Level 3.6 Fighting
 + Level 9.1 Axes
 - Level 2.4 Armour
 - Level 2.1 Dodging


You had 5 spell levels left.
You didn't know any spells.

Dungeon Overview and Level Annotations

Branches:
Dungeon (5/15)             Temple (0/1) D:4

Altars:
Elyvilon
Makhleb
Ru
Sif Muna


Innate Abilities, Weirdness & Mutations

You reflexively headbutt those who attack you in melee.
You have a pair of horns on your head.


Message History

* * * LOW HITPOINT WARNING * * *
The centaur hits you!
* * * LOW HITPOINT WARNING * * *
You are too injured to fight recklessly!
A red film seems to cover your vision as you go berserk!
You feel yourself moving faster!
You feel mighty!
You are feeling very hungry.
The centaur misses you.
You are too injured to fight recklessly!
You are too injured to fight recklessly!
You are too injured to fight recklessly!
You are too injured to fight recklessly!
You hit the centaur.
The centaur is lightly wounded.
The centaur closely misses you. You furiously retaliate!
You headbutt the centaur. You slash the centaur!
The centaur is severely wounded.
The centaur hits you!
You die...

... ... ...# ...
...## #.# ....
#.#####..# ##
#.#......#..#
#.#.##......#
#<#.........#.
#.((((@.......
.......#+##.c...#..
........ ........>
......## ...###.###
...... ≈...≈ ..
#####. ≈..♣.. ##
#.........
...♣._.♣.


You could see a centaur.

Vanquished Creatures
  An ogre (D:4)
  2 orc priests (D:4)
  A centaur skeleton (D:4)
  A worker ant (D:3)
  The ghost of cortexin the Ducker, a weakling SpAK of Lugonu (D:3)
  6 gnolls
  4 adders
  A worm (D:3)
  6 dart slugs
  2 leopard geckos
  12 orcs
  11 bats
  4 giant cockroaches
  9 goblins
  8 hobgoblins
  2 jackals (D:2)
  9 kobolds
  2 ball pythons
  4 frilled lizards
  A leopard gecko skeleton (D:4)
  7 rats
94 creatures vanquished.

Notes
Turn   | Place    | Note
-------+----------+-------------------------------------------
     0 | D:1      | Naow the Minotaur Berserker began the quest for the Orb.
     0 | D:1      | Reached XP level 1. HP: 19/19 MP: 0/0
    80 | D:1      | Reached skill level 4 in Axes
   229 | D:1      | Reached XP level 2. HP: 26/26 MP: 1/1
   524 | D:1      | Reached skill level 5 in Axes
   584 | D:1      | Reached XP level 3. HP: 31/31 MP: 2/2
   993 | D:2      | Found a deep blue altar of Sif Muna.
  1163 | D:2      | Reached ** piety under Trog
  1163 | D:2      | Reached skill level 6 in Axes
  1163 | D:2      | Reached XP level 4. HP: 10/39 MP: 3/3
  2117 | D:3      | Reached skill level 7 in Axes
  2117 | D:3      | Reached XP level 5. HP: 14/45 MP: 4/4
  2358 | D:3      | Noticed cortexin's ghost (weakling SpAK)
  2366 | D:3      | Killed cortexin's ghost
  3142 | D:4      | Noticed an ogre
  3148 | D:4      | Killed an ogre
  3148 | D:4      | Reached skill level 8 in Axes
  3148 | D:4      | Reached XP level 6. HP: 45/51 MP: 5/5
  3260 | D:4      | Found a sacrificial altar of Ru.
  3401 | D:4      | Reached *** piety under Trog
  3404 | D:4      | Reached skill level 9 in Axes
  3880 | D:4      | Found a burning altar of Makhleb.
  4098 | D:4      | Found a staircase to the Ecumenical Temple.
  4337 | D:5      | Entered Level 5 of the Dungeon
  4342 | D:5      | Found a white marble altar of Elyvilon.
  4346 | D:5      | Slain by a centaur

Vault maps used:
D:1:      dpeg_arrival_fog
D:2:      nicolae_overflow_crystal_walls, kennysheep_generic_room_14
D:3:      columned_hall_lemuel
D:4:      bloody_makhleb, overflow_temple_1_default
D:5:      first_bread, elyvilon_altar_4, uniq_edmund

Skill      XL: |  1  2  3  4  5  6 |
---------------+-------------------+-----
Axes           | 4 5 6 7 8 9 |  9.1
Fighting       | |  3.6
Armour         | |  2.4
Dodging        | |  2.1

Action                   |  1- 3 |  4- 6 || total
-------------------------+-------+-------++-------
Melee: Hand axe          |    76 |   139 ||   215
       Headbutt          |    11 |    32 ||    43
Invok: Berserk           |     1 |     6 ||     7
       Trog's Hand       |       |     1 ||     1
 Stab: Sleeping          |     1 |     1 ||     2
  Eat: Chunk             |     1 |    14 ||    15
       Beef jerky        |       |     1 ||     1
Armor: Animal skin       |    11 |    21 ||    32
Dodge: Dodged            |    45 |    85 ||   130
